 Dungeon Crawl Stone Soup version 0.27.0-1-g7a089689b8 (webtiles) character file.

Game seed: 6920506346021589314

5997 seveneves the Blocker (level 10, -4/86 HPs)
             Began as a Minotaur Fighter on Aug 6, 2021.
             Slain by a two-headed ogre (6 damage)
             ... on level 10 of the Dungeon.
             The game lasted 00:27:21 (7657 turns).

seveneves the Blocker (Minotaur Fighter)            Turns: 7657, Time: 00:27:21

Health: -4/86      AC: 18    Str: 25    XL:     10   Next: 55%
Magic:  9/9        EV:  8    Int:  5    God:
Gold:   1052       SH: 17    Dex:  9    Spells: 9/9 levels left

rFire    . . .     SeeInvis .   k - +4 whip
rCold    + + +     Faith    .   c - +0 kite shield
rNeg     . . .     Spirit   .   g - +3 chain mail "Helig" {rElec rC+}
rPois    .         Reflect  +   (helmet restricted)
rElec    +         Harm     .   (no cloak)
rCorr    .         Rampage  .   l - +1 pair of gloves
Will     .....                  d - +0 pair of boots
Stlth    ..........             i - amulet of reflection
HPRegen  0.24/turn              e - ring of protection from cold
MPRegen  0.11/turn              p - ring of protection from cold

@: no status effects
A: horns 2, retaliatory headbutt
a: no special abilities


You were on level 10 of the Dungeon.
You visited 1 branch of the dungeon, and saw 10 of its levels.
You also visited: Ossuary.

You collected 1619 gold pieces.
You spent 567 gold pieces at shops.

Inventory:

Hand Weapons
 k - a +4 whip (weapon)
 m - a +6 dagger
 n - a +3 dagger of electrocution
Armour
 c - a +0 kite shield (worn)
 d - a +0 pair of boots (worn)
 g - the +3 chain mail "Helig" (worn) {rElec rC+}
   (You bought it in a shop on level 3 of the Dungeon)

   rC:        It protects you from cold.
   rElec:     It insulates you from electricity.
 l - a +1 pair of gloves (worn)
Jewellery
 e - a ring of protection from cold (left hand)
 i - an amulet of reflection (around neck)
 p - a ring of protection from cold (right hand)
 z - an amulet of regeneration
 D - an amulet of reflection
Wands
 q - a wand of paralysis (13)
Scrolls
 f - 6 scrolls of identify
 j - 2 scrolls of fear
 o - 2 scrolls of teleportation
 s - a scroll of holy word
 v - a scroll of silence
Potions
 a - a potion of cancellation {unknown}
 h - a potion of flight
 r - a potion of haste
 w - 2 potions of curing
 x - 2 potions of resistance
 C - 2 potions of brilliance
Miscellaneous
 B - a lightning rod (4/4) (quivered)


   Skills:
 + Level 7.0 Fighting
 + Level 1.4(5.7) Short Blades
 + Level 9.6(9.7) Long Blades
 + Level 7.1 Maces & Flails
 + Level 8.8 Armour
 + Level 3.8 Dodging
 + Level 0.4 Stealth
 + Level 10.7 Shields


You had 9 spell levels left.
You didn't know any spells.
Your spell library was empty.

Dungeon Overview and Level Annotations

Branches:
Dungeon (10/15)            Temple (0/1) D:6            Lair (0/6) D:9
Ossuary (visited)
    Orc: D:9-12

Altars:
Elyvilon
Sif Muna
Vehumet
The Shining One
Jiyva

Shops:
D:3 *   D:7 *   D:9 (


Innate Abilities, Weirdness & Mutations

You have a pair of horns on your head.
You reflexively headbutt those who attack you in melee.


Message History

* * * LOW HITPOINT WARNING * * *
You block the troll's attack.
You feel much better. You block the troll's attack.
The troll barely misses you. The troll claws you.
You hit the two-headed ogre.
The two-headed ogre is severely wounded.
You block the two-headed ogre's attack.
The two-headed ogre hits you with a +0 giant spiked club!!
* * * LOW HITPOINT WARNING * * *
You hit the two-headed ogre. You headbutt the two-headed ogre.
The two-headed ogre is severely wounded.
You block the troll's attack. x2; The troll closely misses you.
The two-headed ogre closely misses you. The two-headed ogre barely misses you.
You hit the two-headed ogre.
The two-headed ogre is severely wounded.
The troll closely misses you. You furiously retaliate!
You headbutt the troll. The troll claws you but does no damage.
You block the troll's attack.
You barely miss the two-headed ogre.
Your headbutt misses the two-headed ogre.
The two-headed ogre is severely wounded.
You block the two-headed ogre's attack. x2
The troll bites you but does no damage.
The troll claws you but does no damage. x2
You hit the two-headed ogre.
Your headbutt misses the two-headed ogre.
The two-headed ogre is almost dead.
You block the troll's attack. x3
The two-headed ogre hits you with a +0 giant club!
* * * LOW HITPOINT WARNING * * *
The two-headed ogre completely misses you.
You barely miss the two-headed ogre.
Your headbutt misses the two-headed ogre.
The two-headed ogre is almost dead.
You block the troll's attack. The troll claws you but does no damage.
The troll claws you.
* * * LOW HITPOINT WARNING * * *
You whack the two-headed ogre!
Your headbutt misses the two-headed ogre.
The two-headed ogre is almost dead.
The two-headed ogre hits you with a +0 giant club.
You die...

....##
......#
......#
.....### .#
#....[#
...####.....#
.....###...##
......#T....#
#..O@..##
#...##<#
.......######
.......
.......
.......
.......
.....## .....


You could see a two-headed ogre and a troll.

Vanquished Creatures
  Pikel (D:6)
  Joseph (D:7)
  A kobold demonologist (D:9)
  Sigmund (D:2)
  A wyvern (D:7)
  2 wraiths
  A yak (D:9)
  2 steam dragons (D:8)
  5 water moccasins
  3 black bears
  2 sky beasts
  3 ice beasts
  A necrophage (D:6)
  An ogre (D:6)
  4 centaurs
  6 kobold brigands
  An elf zombie (Ossuary)
  8 bullfrogs
  A wyvern zombie (D:5)
  2 scorpions
  A gnoll sergeant (D:8)
  A water moccasin skeleton (D:5)
  A bullfrog zombie (D:3)
  2 jellies
  A centaur zombie (D:6)
  4 hounds
  2 orc priests (D:8)
  7 orc wizards
  3 iguanas
  A hound skeleton (D:4)
  3 mummies (Ossuary)
  A howler monkey zombie (D:9)
  8 gnolls
  11 adders
  A howler monkey skeleton (D:6)
  A shadow imp (D:5)
  A white imp (D:7)
  An ufetubus (D:7)
  3 worms
  5 dart slugs
  15 orcs
  9 ball pythons
  8 bats
  8 endoplasms
  4 giant cockroaches
  A gnoll zombie (Ossuary)
  2 goblins
  6 hobgoblins
  4 jackals (D:4)
  30 kobolds
  A quokka (D:4)
  A frilled lizard (D:1)
  4 goblin zombies (Ossuary)
  A hobgoblin zombie (Ossuary)
  2 kobold zombies (Ossuary)
  3 rats
204 creatures vanquished.

Vanquished Creatures (others)
  An orc (D:8)
  19 fungi (D:9)
  18 plants (D:9)
38 creatures vanquished.

Grand Total: 242 creatures vanquished

Notes
Turn   | Place    | Note
-------+----------+-------------------------------------------
     0 | D:1      | seveneves the Minotaur Fighter began the quest for the Orb.
     0 | D:1      | Reached XP level 1. HP: 19/19 MP: 0/0
    59 | D:1      | Found a viscous altar of Jiyva.
    59 | D:1      | Noticed a jelly
    59 | D:1      | Noticed a jelly
    59 | D:1      | Noticed a jelly
    59 | D:1      | Noticed a jelly
    59 | D:1      | Noticed a jelly
    59 | D:1      | Noticed a jelly
    59 | D:1      | Noticed a jelly
    61 | D:1      | Noticed a jelly
   128 | D:1      | Reached XP level 2. HP: 27/27 MP: 1/1
   172 | D:1      | Found a faded altar of an unknown god.
   275 | D:1      | Reached skill level 4 in Shields
   611 | D:1      | Reached XP level 3. HP: 31/33 MP: 2/2
   755 | D:2      | Identified a scroll of acquirement
   755 | D:2      | Acquired 1149 gold pieces
   962 | D:2      | Reached XP level 4. HP: 32/40 MP: 3/3
  1138 | D:2      | Noticed Sigmund
  1149 | D:2      | HP: 1/40 [something (9)]
  1151 | D:2      | Killed Sigmund
  1152 | D:2      | Reached skill level 5 in Armour
  1152 | D:2      | Reached skill level 1 in Dodging
  1152 | D:2      | Reached XP level 5. HP: 2/47 MP: 4/4
  1581 | D:3      | Noticed a sky beast
  1603 | D:3      | Killed a sky beast
  1604 | D:3      | Reached skill level 5 in Shields
  1604 | D:3      | Reached XP level 6. HP: 11/53 MP: 5/5
  2115 | D:3      | Reached skill level 5 in Long Blades
  2250 | D:3      | Found Cooceor's General Store.
  2259 | D:3      | Bought the +3 chain mail "Helig" {rElec rC+} for 567 gold
                  | pieces
  2324 | D:3      | Reached XP level 7. HP: 36/60 MP: 6/6
  3097 | D:4      | Found a large runed translucent door.
  3098 | D:4      | Found a large runed translucent door.
  3124 | D:4      | Found a shimmering blue altar of Sif Muna.
  3134 | D:4      | Found a glowing golden altar of the Shining One.
  3234 | D:4      | Found a sand-covered staircase.
  3269 | Ossuary  | Entered an ossuary
  3269 | Ossuary  | Noticed a wraith
  3269 | Ossuary  | Noticed a wraith
  3269 | Ossuary  | Noticed a wraith
  3333 | Ossuary  | Reached skill level 5 in Fighting
  3333 | Ossuary  | Reached skill level 6 in Shields
  3420 | Ossuary  | Noticed a wraith
  3424 | Ossuary  | Killed a wraith
  3984 | D:4      | Found a white marble altar of Elyvilon.
  3984 | D:4      | Found a radiant altar of Vehumet.
  4029 | D:5      | Entered Level 5 of the Dungeon
  4162 | D:5      | Reached XP level 8. HP: 63/68 MP: 7/7
  4388 | D:5      | Reached skill level 7 in Shields
  4786 | D:6      | Noticed Pikel
  4803 | D:6      | Killed Pikel
  4804 | D:6      | Reached skill level 8 in Shields
  4848 | D:6      | Reached XP level 9. HP: 68/74 MP: 8/8
  4864 | D:6      | Found a staircase to the Ecumenical Temple.
  5160 | D:6      | Reached skill level 1 in Maces & Flails
  5617 | D:7      | Noticed Joseph
  5657 | D:7      | Killed Joseph
  5658 | D:7      | Reached skill level 9 in Shields
  6031 | D:7      | Found Haasuluwk's Assorted Antiques.
  6050 | D:7      | Reached skill level 5 in Maces & Flails
  6264 | D:7      | Reached XP level 10. HP: 84/84 MP: 9/9
  6901 | D:9      | Found Kuabyrphi's Weapon Emporium.
  7109 | D:9      | Reached skill level 10 in Shields
  7112 | D:9      | Reached skill level 1 in Short Blades
  7195 | D:9      | Found a staircase to the Lair.
  7625 | D:10     | Entered Level 10 of the Dungeon
  7633 | D:10     | Noticed a two-headed ogre
  7656 | D:10     | HP: 2/86 [troll (6)]
  7657 | D:10     | Slain by a two-headed ogre

Illustrated notes

Levels and vault maps discovered:
D:1:      erik_arrival_cave_to_civilisation [erik_arrival_cave_to_temple],
          layout_basic, shapermc_ecumenical_altar_totnotflames
D:2:      layout_basic, dk_vineyard_3, uniq_sigmund
D:3:      kennysheep_six_static_rooms, layout_basic, serial_shops,
          nicolae_diamond_shop
D:4:      layout_basic, gammafunk_temple_overflow_pools, jmf_multi_god_temple2,
          nicolae_ossuary_entry_false_entrances
D:5:      layout_basic, kennysheep_generic_room_16
D:6:      cheibrodos_thug_alley, layout_loops_ring,
          minmay_temple_entry_junction_2, dk_noncrumbling_4, uniq_pikel
D:7:      layout_rooms, serial_shops, nicolae_stop_n_shop_2, uniq_joseph
D:8:      layout_rooms
D:9:      layout_basic, due_lair_maze_entry_diamond, serial_shops,
          nicolae_shop_temple_entry_statues_fountains
D:10:     layout_cave_pools, serial_shops, shop, nicolae_shop_window_shopping,
          nicolae_shop_trees, chequers_serial_rivers_small_b, uniq_maurice

Skill      XL: |  1  2  3  4  5  6  7  8  9 10 |
---------------+-------------------------------+-----
Shields        | 4 5 6 8 9 10 | 10.7
Fighting       | 4 5 6 7 |  7.0
Armour         | 4 5 6 7 8 |  8.8
Long Blades    | 3 4 5 7 8 9 |  9.6
Dodging        | 1 2 3 |  3.8
Maces & Flails | 5 7 |  7.1
Short Blades   | 1 |  1.4
Stealth        | |  0.4

Action                   |  1- 3 |  4- 6 |  7- 9 | 10-12 || total
-------------------------+-------+-------+-------+-------++-------
Melee: Long sword        |    67 |    77 |   249 |       ||   393
       Headbutt          |    15 |     9 |    85 |    39 ||   148
       Whip              |       |       |   213 |   154 ||   367
       Dagger            |       |       |       |    49 ||    49
  Use: Scroll            |     2 |     2 |    17 |     2 ||    23
       Potion            |       |     3 |     8 |     3 ||    14
Armor: Scale mail        |    25 |    42 |       |       ||    67
       Chain mail        |       |     4 |   157 |   146 ||   307
Dodge: Dodged            |    22 |    14 |    76 |    74 ||   186
Block: Kite shield       |    52 |    59 |   383 |   226 ||   720
       Reflection        |       |     1 |    12 |     9 ||    22
       Rpst.: Long sword |     6 |     5 |    11 |       ||    22
